 Dungeon Crawl Stone Soup version 0.29-a0-121-g8efb068a30 (webtiles) character file.

Game seed: 1486655725694287346

81 Gargoyl the Skirmisher (level 4, -2/29 HPs)
             Began as a Gargoyle Abyssal Knight on Feb 20, 2022.
             Was a Follower of Lugonu.
             Slain by Sigmund (5 damage)
             ... on level 3 of the Dungeon.
             The game lasted 00:01:58 (3030 turns).

Gargoyl the Skirmisher (Gargoyle Abyssal Knight)    Turns: 3030, Time: 00:01:58

Health: -2/29      AC:  9    Str: 19    XL:     4   Next: 42%
Magic:  6/6        EV: 11    Int: 10    God:    Lugonu [*.....]
Gold:   81         SH:  0    Dex: 10    Spells: 3/3 levels left

rFire   . . .      SeeInvis .   a - +2 hand axe
rCold   . . .      Faith    .   (no shield)
rNeg    + . .      Spirit   .   b - +1 leather armour
rPois   ∞          Reflect  .   c - +0 helmet
rElec   +          Harm     .   (no cloak)
rCorr   .          Rampage  .   (no gloves)
Will    .....                   (no boots)
Stlth   +.........              (no amulet)
HPRegen 0.09/turn               (no ring)
MPRegen 0.10/turn               (no ring)

@: no status effects
A: sickness immunity, AC +3, negative energy resistance 1, electricity
resistance, torment resistance 1, petrification resistance
a: Renounce Religion, Depart the Abyss


You were on level 3 of the Dungeon.
You worshipped Lugonu.
Lugonu was aware of your devotion.
You visited 1 branch of the dungeon, and saw 3 of its levels.
You visited the Abyss 1 time.

You collected 120 gold pieces.
You spent 39 gold pieces at shops.

Inventory:

Hand Weapons
 a - a +2 hand axe (weapon)
Armour
 b - a +1 leather armour (worn)
 c - a +0 helmet (worn)
Potions
 d - a potion of haste {unknown}
 e - 2 potions of heal wounds {unknown}
 f - a potion of lignification {unknown}
 g - a potion of curing
 h - a potion of invisibility {unknown}
 i - a potion of flight {unknown}


   Skills:
 + Level 3.8 Fighting
 + Level 2.5 Axes
 + Level 2.8 Armour
 + Level 1.2 Dodging
 + Level 0.2 Stealth
 * Level 3.0 Invocations


You had 3 spell levels left.
You didn't know any spells.
Your spell library contained the following spells:

 Spells                   Type           Power      Damage    Failure   Level
 Sandblast                Erth           0%         2d4       41%         1
 Passwall                 Tmut/Erth      0%         N/A       56%         2
 Stone Arrow              Conj/Erth      0%         3d7       80%         3


Dungeon Overview and Level Annotations

Branches:
Dungeon (3/15)

Altars:

Shops:
D:1 !

Annotations:
D:3 Sigmund


Innate Abilities, Weirdness & Mutations

You are immune to sickness and miasma.
Your stone body is resilient. (AC +3)
You are immune to poison.
You resist negative energy. (rN+)
You are resistant to electric shocks. (rElec)
You are resistant to unholy torment.
You are immune to petrification.


Message History

Found a rapier.
You see here a scarf of harm.
Found 4 poisoned darts.
You see here a scarf of harm.
You see here a +0 rapier.
You see here 4 poisoned darts.
Found a robe.
You see here a +0 robe.
You now have 81 gold pieces (gained 7).
Found a curved jewelled staff.
Sigmund the Dreaded comes into view.
He is wielding a +0 scythe and wearing a +2 robe of willpower.
Sigmund shouts!
Sigmund is nearby!
You see here a staff of fire.
Okay, then.
Sigmund casts a spell.
Sigmund flickers and vanishes!
Deactivating autopickup; reactivate with Ctrl-A.
Something hits you.
You miss something. Something hits you but does no damage.
You barely miss something. Something hits you.
You hit something. Your punch misses something. You hit something.
Something hits you but does no damage.
You hit something. Something hits you but does no damage.
You hit something. Something hits you but does no damage.
You barely miss something. Something hits you but does no damage.
You miss something. You barely miss something.
Something hits you but does no damage.
You barely miss something.
You hear some strange, mumbled words.
A puff of flame appears from out of thin air!
The puff of flame hits you.
You barely miss something.
You hear some strange, mumbled words.
A puff of flame appears from out of thin air!
The puff of flame hits you!
You hit something. Something hits you!
* * * LOW HITPOINT WARNING * * *
You slash something! Something hits you.
You die...

#### ### ##.. .. .... ###.# .#.#
.... .#.# #..
.#.###########.{##########
........).$.....@........######
.#.#####.##.##.......#........##
<........# #..|.##.[.#.###....
.#.####... #.....###.##.###.###
.#.####..# #.#..#.###.##.##...###
.#..............#.....##....#...)
.........##.###.#(.########..(###
.######.... #....# ##.## # .# ##
###..## #.# #


There were no monsters in sight!

Vanquished Creatures
  4 adders (D:2)
  A worm (D:2)
  5 endoplasms
  5 goblins (D:1)
  3 hobgoblins
  4 jackals (D:1)
  2 quokkas
  4 ball pythons
  6 bats
  2 frilled lizards
  4 kobolds
  4 rats
44 creatures vanquished.

Notes
Turn   | Place    | Note
-------+----------+-------------------------------------------
     0 | Abyss:1  | Gargoyl the Gargoyle Abyssal Knight began the quest for the
                  | Orb.
     0 | Abyss:1  | Reached XP level 1. HP: 14/14 MP: 2/2
     0 | D:1      | Escaped the Abyss
   461 | D:1      | Reached * piety under Lugonu
   462 | D:1      | Reached XP level 2. HP: 19/19 MP: 3/3
   958 | D:1      | Reached XP level 3. HP: 23/23 MP: 4/4
  1177 | D:1      | Found Kenuut's Distillery.
  1197 | D:1      | Bought a potion of curing for 39 gold pieces
  1526 | D:2      | Reached skill level 1 in Dodging
  2159 | D:2      | Reached XP level 4. HP: 25/29 MP: 6/6
  3014 | D:3      | Noticed Sigmund
  3030 | D:3      | Slain by Sigmund

Illustrated notes

Levels and vault maps discovered:
D:1:      evilmike_arrival_hilbert_curve, layout_basic, serial_shops,
          nicolae_shop_window_shopping
D:2:      layout_basic, grunt_ministairs_14
D:3:      layout_loops_ring, uniq_sigmund

Skill      XL: |  1  2  3  4 |
---------------+-------------+-----
Axes           | 2 |  2.5
Dodging        | 1 |  1.2
Invocations    | 3 |  3.0
Fighting       | |  3.8
Armour         | |  2.8
Stealth        | |  0.2

Action                   |  1- 3 |  4- 6 || total
-------------------------+-------+-------++-------
Melee: Hand axe          |    88 |    48 ||   136
       Punch             |     1 |       ||     1
Invok: Depart the Abyss  |     1 |       ||     1
  Use: Scroll            |     2 |     2 ||     4
 Stab: Sleeping          |     1 |       ||     1
Armor: Leather armour    |    46 |    23 ||    69
Dodge: Dodged            |    47 |    17 ||    64

Table legend: (Time is in decaauts)
 A = Elapsed time spent in this place.
 B = Non-inter-level travel time spent in this place.
 C = Inter-level travel time spent in this place.
 D = Time resting spent in this place.
 E = Time spent auto-exploring this place.
 F = Levels seen in this place.
 G = Mean time per level.
                   A        B        C        D        E       F      G
               +--------+--------+--------+--------+--------+-----+--------+
         Total |   3055 |   2922 |    133 |      0 |   2529 |   4 |  763.8 |
       Dungeon |   3055 |   2922 |    133 |      0 |   2529 |   3 | 1018.3 |
         Abyss |      0 |      0 |      0 |      0 |      0 |   1 |    0.0 |
               +--------+--------+--------+--------+--------+-----+--------+

Top non-repeatable levels by time:
     D:1: 1527 daAuts
     D:2: 1358 daAuts
     D:3: 169 daAuts
